 Dungeon Crawl Stone Soup version 0.28-a0-850-g09de17f5b5 (webtiles) character file.

Game seed: 10644895617960088549

398637 Htamos the Wrestler (level 22, -33/239 HPs)
             Began as a Troll Monk on Nov 14, 2021.
             Was a High Priest of the Shining One.
             Killed from afar by a frost giant (81 damage)
             ... with a bolt of cold
             ... on level 5 of the Vaults.
             The game lasted 03:03:00 (34059 turns).

Htamos the Wrestler (Troll Monk)                   Turns: 34059, Time: 03:03:01

Health: -33/239    AC: 16    Str: 25    XL:     22   Next: 23%
Magic:  7/30       EV: 20    Int:  4    God:    the Shining One [*****.]
Gold:   1817       SH: 26    Dex: 25    Spells: 21/21 levels left

rFire   + . .      SeeInvis +     - Unarmed
rCold   . . .      Faith    .   j - +6 tower shield "Udy Runn" {rElec Regen+ Dex+4 Slay+2}
rNeg    + + +      Spirit   .   z - +4 troll leather armour
rPois   .          Reflect  .   g - +0 mask of the Dragon {Will+ Slay+3 SInv}
rElec   +          Harm     .   X - +2 cloak {Will+}
rCorr   +          Rampage  .   (gloves unavailable)
Will    +++..                   (boots unavailable)
Stlth   +.........              P - amulet of regeneration
HPRegen 6.49/turn               f - ring of the Sky {Wiz rElec rCorr Dex+2}
MPRegen 0.22/turn               L - ring "Keap" {rF+ rN+}

@: glowing, studying 2 skills
A: large, unfitting armour, claws 3, regeneration 3, shaggy fur 1, tough skin 1,
dopey 1
}: 2/15 runes: decaying, serpentine
a: Renounce Religion, Divine Shield, Cleansing Flame, Summon Divine Warrior


You were on level 5 of the Vaults.
You worshipped the Shining One.
The Shining One was extremely pleased with you.
You visited 8 branches of the dungeon, and saw 37 of its levels.
You also visited: Bailey, Gauntlet and Wizlab.

You collected 6918 gold pieces.
You spent 5101 gold pieces at shops.

Inventory:

Hand Weapons
 q - the +11 scimitar of Silly Optimality {vorpal, Fly Int+2}
   (You took it off an ogre mage on level 5 of the Vaults)

   It inflicts extra damage upon your enemies.
   Int:       It affects your intelligence (+2).
   Fly:       It grants you flight.
 G - the +8 hunting sling of the Queen {flame, +Blink rElec Int+4}
   (You found it on level 3 of the Elven Halls)

   Any ammunition fired from it burns those it strikes, dealing additional fire
   damage.
   Int:       It affects your intelligence (+4).
   rElec:     It insulates you from electricity.
   +Blink:    It lets you blink.
 J - a +3 hand axe of flaming
Armour
 g - the +0 mask of the Dragon (worn) {Will+ Slay+3 SInv}
   (You bought it in a shop on level 1 of the Vaults)

   Slay:      It affects your accuracy & damage with ranged weapons and melee
   (+3).
   SInv:      It lets you see invisible.
   Will:      It increases your willpower.
 i - the +5 kite shield of Doituk {Rampage rF+ rC+ Dex+7}
   (You acquired it on level 2 of the Lair of Beasts)

   Dex:       It affects your dexterity (+7).
   rF:        It protects you from fire.
   rC:        It protects you from cold.
   Rampage:   It bestows one free step when moving towards enemies.
 j - the +6 tower shield "Udy Runn" (worn) {rElec Regen+ Dex+4 Slay+2}
   (You acquired it on level 2 of the Lair of Beasts)

   Dex:       It affects your dexterity (+4).
   Slay:      It affects your accuracy & damage with ranged weapons and melee
   (+2).
   rElec:     It insulates you from electricity.
   Regen:     It increases your rate of health regeneration.
 z - a +4 troll leather armour (worn)
 X - a +2 cloak of willpower (worn)
Jewellery
 a - the ring "Unirabb" {Contam Dex+6 SInv}
   (You found it on level 2 of the Snake Pit)

   [ring of see invisible]

   Dex:       It affects your dexterity (+6).
   SInv:      It lets you see invisible.
   Contam:    It causes magical contamination when unequipped.
 f - the ring of the Sky (left claw) {Wiz rElec rCorr Dex+2}
   (You found it on level 3 of the Snake Pit)

   [ring of wizardry]

   It improves your spell success rate.
   Dex:       It affects your dexterity (+2).
   rElec:     It insulates you from electricity.
   rCorr:     It protects you from acid and corrosion.
 n - the ring "Vyssu" {rElec rF- rN+ Dex+2 SInv}
   (You found it on level 1 of the Swamp)

   [ring of positive energy]

   Dex:       It affects your dexterity (+2).
   rF:        It makes you vulnerable to fire.
   rElec:     It insulates you from electricity.
   rN:        It protects you from negative energy.
   SInv:      It lets you see invisible.
 B - a ring of protection from cold
 F - the ring "Erousch" {rPois rF- rN+ Will+ Str+2}
   (You bought it in a shop on level 2 of the Snake Pit)

   [ring of positive energy]

   Str:       It affects your strength (+2).
   rF:        It makes you vulnerable to fire.
   rPois:     It protects you from poison.
   rN:        It protects you from negative energy.
   Will:      It increases your willpower.
 H - the necklace of Bloodlust {*Rage Will++ Int-3 Slay+6}
   (You bought it in a shop on level 2 of the Snake Pit)

   [amulet of nothing]

   It extends the wearer's berserk rage when killing foes.
   Int:       It affects your intelligence (-3).
   Slay:      It affects your accuracy & damage with ranged weapons and melee
   (+6).
   *Rage:     It berserks you when you make melee attacks (+50% chance).
   Will:      It greatly increases your willpower.
 L - the ring "Keap" (right claw) {rF+ rN+}
   (You found it on level 3 of the Elven Halls)

   [ring of protection from fire]

   rF:        It protects you from fire.
   rN:        It protects you from negative energy.
 P - an amulet of regeneration (around neck)
 W - a ring of see invisible
 Y - the ring "Yconeota" {rPois Int+6}
   (You found it in a Gauntlet)

   [ring of intelligence]

   Int:       It affects your intelligence (+6).
   rPois:     It protects you from poison.
Wands
 t - a wand of mindburst (47)
 u - a wand of digging (3)
 x - a wand of iceblast (10)
 Q - a wand of flame (62)
Scrolls
 d - a scroll of fear
 e - 11 scrolls of identify {@rr}
 l - 2 scrolls of brand weapon
 p - 3 scrolls of magic mapping
 v - 5 scrolls of vulnerability
 I - a scroll of silence
 K - 4 scrolls of fog
 N - 3 scrolls of enchant weapon
 R - 5 scrolls of teleportation
 V - 5 scrolls of enchant armour
Potions
 c - 3 potions of curing {@qc}
 h - 6 potions of ambrosia
 m - 10 potions of mutation
 r - a potion of cancellation
 s - 8 potions of attraction
 w - a potion of berserk rage
 y - a potion of haste
 A - a potion of resistance
 C - 2 potions of flight
 E - 4 potions of lignification
 S - 5 potions of magic
Miscellaneous
 b - a phial of floods
 k - a phial of floods
 D - a phantom mirror
 M - a phial of floods
 O - a box of beasts
 T - a tin of tremorstones (2/2)
 U - a phial of floods


   Skills:
 * Level 18.1 Fighting
 - Level 4.0 Axes
 - Level 3.4 Slings
 + Level 13.8 Armour
 + Level 14.6 Dodging
 - Level 1.0 Stealth
 + Level 10.9 Shields
 * Level 21.2 Unarmed Combat
 - Level 12.4 Invocations
 - Level 1.0 Evocations


You had 21 spell levels left.
You didn't know any spells.
Your spell library contained the following spells:

 Spells                   Type           Power      Damage    Failure   Level
 Animate Skeleton         Necr           0%         N/A       50%         1
 Apportation              Tloc           0%         N/A       50%         1
 Foxfire                  Conj/Fire      0%         2x1d4     50%         1
 Sandblast                Erth           0%         2d4       50%         1
 Shock                    Conj/Air       0%         1d3       50%         1
 Slow                     Hex            0%         N/A       50%         1
 Sting                    Tmut/Pois      0%         1d3       50%         1
 Summon Small Mammal      Summ           0%         N/A       50%         1
 Blink                    Tloc           0%         N/A       63%         2
 Ensorcelled Hibernation  Hex/Ice        0%         N/A       63%         2
 Passwall                 Tmut/Erth      0%         N/A       63%         2
 Poisonous Vapours        Pois/Air       0%         N/A       63%         2
 Scorch                   Fire           0%         2d5       63%         2
 Call Canine Familiar     Summ           0%         N/A       85%         3
 Confusing Touch          Hex            0%         N/A       85%         3
 Conjure Flame            Conj/Fire      0%         6-21      85%         3
 Frozen Ramparts          Ice            0%         1d2       85%         3
 Ignite Poison            Fire/Tmut/Pois 0%         N/A       85%         3
 Inner Flame              Hex/Fire       0%         N/A       85%         3
 Lesser Beckoning         Tloc           0%         N/A       85%         3
 Mephitic Cloud           Conj/Pois/Air  0%         N/A       85%         3
 Ozocubu's Armour         Ice            0%         N/A       85%         3
 Portal Projectile        Hex/Tloc       0%         N/A       85%         3
 Stone Arrow              Conj/Erth      0%         3d7       85%         3
 Summon Guardian Golem    Hex/Summ       0%         N/A       85%         3
 Swiftness                Air            0%         N/A       85%         3
 Teleport Other           Tloc           0%         N/A       85%         3
 Tukima's Dance           Hex            0%         N/A       85%         3
 Airstrike                Air            0%         N/A       99%         4
 Animate Dead             Necr           0%         N/A       99%         4
 Cause Fear               Hex            0%         N/A       99%         4
 Ice Form                 Ice/Tmut       0%         N/A       99%         4
 Leda's Liquefaction      Hex/Erth       0%         N/A       99%         4
 Olgreb's Toxic Radiance  Pois           0%         N/A       99%         4
 Passage of Golubria      Tloc           0%         N/A       99%         4
 Summon Ice Beast         Ice/Summ       0%         N/A       99%         4
 Borgnjor's Vile Clutch   Necr/Erth      0%         N/A       100%        5
 Fireball                 Conj/Fire      0%         3d3       100%        5
 Freezing Cloud           Conj/Ice/Air   0%         6-21      100%        5
 Iskenderun's Battlesphe  Conj           0%         2d6       100%        5
 Lee's Rapid Deconstruct  Erth           0%         3d5*      100%        5
 Manifold Assault         Tloc           0%         N/A       100%        5
 Metabolic Englaciation   Hex/Ice        0%         N/A       100%        5
 Silence                  Hex/Air        0%         N/A       100%        5
 Summon Forest            Summ/Tloc      0%         N/A       100%        5
 Yara's Violent Unravell  Hex/Tmut       0%         3d3       100%        5
 Death Channel            Necr           0%         N/A       100%        6
 Eringya's Noxious Bog    Tmut/Pois      0%         N/A       100%        6
 Simulacrum               Ice/Necr       0%         N/A       100%        6
 Statue Form              Tmut/Erth      0%         N/A       100%        6
 Haunt                    Necr/Summ      0%         N/A       100%        7
 Summon Hydra             Summ           0%         N/A       100%        7
 Discord                  Hex            0%         N/A       100%        8
 Ignition                 Fire           0%         3d3       100%        8
 Infestation              Necr           0%         N/A       100%        8
 Lehudib's Crystal Spear  Conj/Erth      0%         10d2      100%        8
 Chain Lightning          Conj/Air       0%         N/A       100%        9
 Fire Storm               Conj/Fire      0%         5d1       100%        9
 Shatter                  Erth           0%         3d5*      100%        9


Dungeon Overview and Level Annotations

Branches:
Dungeon (14/15)            Temple (1/1) D:5            Lair (4/6) D:9
  Swamp (4/4) Lair:3        Snake (4/4) Lair:2          Orc (2/2) D:12
    Elf (3/3) Orc:2        Vaults (5/5) D:14          Crypt (0/3) Vaults:2
 Bailey (visited)          WizLab (visited)         Gauntlet (visited)

Altars:
Ashenzari
Cheibriados
Dithmenos
Elyvilon
Fedhas
Gozag
Hepliaklqana
Kikubaaqudgha
Makhleb
Nemelex Xobeh
Okawaru
Qazlal
Ru
Sif Muna
Uskayaw
Vehumet
Wu Jian
Xom
Yredelemnul
Zin
The Shining One
Beogh

Shops:
D:4 ?   D:11 (   D:12 :   Orc:2 [=*(   Elf:1 !   Elf:2 :   Elf:3 (
Snake:2 =[!   Snake:3 ??   Snake:4 (   Vaults:1 [   Vaults:2 [   Vaults:3 ?=
Vaults:4 *

Annotations:
Swamp:3 Roxanne
Elf:2 3 runed translucent doors
Vaults:4 2 transporters, Dwachs's ghost, veteran GrEE


Innate Abilities, Weirdness & Mutations

You are too large for most types of armour.
You have claws for hands.
You regenerate.
You are covered in fur. (AC +1)
You have tough skin. (AC +1)
You are dopey. (Int -2)


Message History

Your angel dies!
Your angel dissolves into sparkling lights!
The blast of metal fragments hits you!!
* * * LOW HITPOINT WARNING * * *
You hear a shout!
Unknown command.
You are momentarily dazzled by a brilliant light.
* * * LOW MAGIC WARNING * * *
The Shining One is no longer ready to bless your weapon.
The deep troll earth mage misses your angel.
The deep troll earth mage claws your angel but does no damage. x2
The ironbound convoker gestures at the deep troll while chanting.
The deep troll seems to grow stronger.
The ironbound convoker casts a spell at something.
Your angel hits the deep troll earth mage with a +3 whip of holy wrath!
Your angel hits the deep troll earth mage but does no damage.
The deep troll bites your angel!! The deep troll claws your angel.
The deep troll misses your angel. The frost giant casts a spell at you.
The bolt of cold hits you!!
* * * LOW HITPOINT WARNING * * *
You feel better.
Your angel barely misses the deep troll.
Your angel hits the deep troll but does no damage.
Your angel hits the deep troll with a +3 whip of holy wrath!
Your angel barely misses the deep troll.
Unknown command.
The deep troll earth mage gestures next to you while chanting.
The metal wall shatters!
The blast of metal fragments hits you!!
* * * LOW HITPOINT WARNING * * *
The ironbound convoker hits your angel with a +0 flail!!
Your angel hits the ironbound convoker with a +3 whip of holy wrath!!
Your angel closely misses the ironbound convoker.
Unknown command.
You feel better.
Your angel hits the ironbound convoker with a +3 whip of holy wrath!
Your angel hits the ironbound convoker with a +3 whip of holy wrath.
The frost giant gestures at you while chanting.
The bolt of cold hits you!!!!
You die...

#################
.................
.................
#######################......
......).AT)†.†...........[...
......)p.TC.@................
.#####################..#....
#..#.... #..#....
########..#....
..........#....
..........#....
########..#.... #..#....


You could see a frost giant (strong, empowered), a deep troll (strong), an
ironbound convoker (empowered, catching breath, ally target), a deep troll earth
mage (strong, empowered) and a friendly angel (summoned).

Vanquished Creatures
  A Head Instructor (WizLab)
  Xtahua (Vaults:3)
  Vashnia (Snake:2)
  2 tentacled monstrosities
  Jorgrun (D:14)
  A lich (Vaults:5)
  A deep elf blademaster (Elf:3)
  A titan (Vaults:5)
  3 deep elf master archers
  3 quicksilver dragons
  2 sphinxes (Vaults:3)
  Frances (D:13)
  Gastronok (D:9)
  3 storm dragons (Vaults:5)
  A shadow dragon (Vaults:5)
  The ghost of drclinical the Bludgeoner, an adept HOBe of Trog (Snake:2)
  7 tengu reavers
  4 thorn hunters
  A fenstrider witch (shapeshifter) (Vaults:5)
  10 nagarajas
  A frost giant (Vaults:5)
  A draconian knight (WizLab)
  A fire giant (Vaults:5)
  An orc warlord (Bailey)
  2 deep elf elementalists (Elf:3)
  9 deep elf sorcerers
  Louise (Swamp:2)
  5 ghouls
  18 ironbound preservers
  12 vault wardens
  6 very ugly things
  4 war gargoyles
  Aizul (Vaults:4)
  The ghost of flestrin the Stormcaller, a journeyman TeAE of Vehumet (Swamp:1)
  2 vampire knights (WizLab)
  3 stone giants
  4 dire elephants (Vaults:1)
  4 deep elf demonologists (Elf:3)
  A minotaur (Gauntlet)
  13 deep elf annihilators
  7 bunyips
  2 entropy weavers (Vaults:5)
  Snorg (D:10)
  Azrael (Orc:1)
  6 deep elf death magi
  3 ettins
  4 eleionomae
  3 great orbs of eyes
  10 deep elf high priests
  5 shambling mangroves
  9 yaktaur captains
  A salamander tyrant (Snake:3)
  A ghost crab (Swamp:3)
  4 boulder beetles
  4 ironbound thunderhulks
  2 peacekeepers
  4 ogre magi
  17 hydras
  14 naga warriors
  9 ironbound frosthearts
  32 vault guards
  12 anacondas
  10 alligators
  9 two-headed ogres
  4 death yaks (Lair:4)
  3 centaur warriors (Vaults:1)
  A deep troll shaman (Vaults:5)
  21 dancing weapons
  A deep troll earth mage (Vaults:5)
  2 tengu warriors
  6 orc high priests
  3 vampire magi
  10 deep elf knights
  2 hell knights (WizLab)
  14 shock serpents
  16 naga sharpshooters
  6 salamander mystics
  2 skeletal warriors (Vaults:2)
  A goliath frog (Swamp:2)
  6 spriggan druids
  A death drake (Swamp:2)
  53 deep trolls
  8 sea snakes
  8 swamp dragons
  A flayed ghost (Vaults:5)
  3 bog bodies
  16 ironbound convokers
  4 naga ritualists
  Pikel (D:4)
  11 deep elf archers
  2 fenstrider witch simulacra (Swamp:1)
  13 wizards
  6 phantasmal warriors
  3 harpies (Vaults:2)
  2 necromancers
  6 orc knights
  A lindwurm (Vaults:1)
  21 deep elf pyromancers
  15 deep elf zephyrmancers
  A frost giant zombie (Vaults:4)
  17 mana vipers
  39 ugly things
  5 oklob plants
  15 salamanders
  4 orc sorcerers
  3 spectral spriggans
  5 cyclopes
  64 slime creatures
  A shadow dragon skeleton (Vaults:4)
  2 will-o-the-wisps
  4 elephants (Lair:4)
  29 black mambas
  12 vault sentinels
  10 guardian serpents
  An eye of devastation (shapeshifter) (Vaults:4)
  4 gargoyles
  21 naga magi
  Maggie (Lair:2)
  2 unseen horrors
  5 cane toads
  A kobold demonologist (D:9)
  36 yaktaurs
  4 komodo dragons
  4 tengu conjurers
  A wind drake (shapeshifter) (Gauntlet)
  16 hornets
  A merfolk (shapeshifter) (Vaults:4)
  18 trolls
  A jumping spider (Vaults:5)
  A polar bear (Lair:4)
  7 tyrant leeches
  Grinder (D:5)
  10 dream sheep
  4 blink frogs (Lair:3)
  2 water elementals (Elf:3)
  An air elemental (Elf:3)
  6 shadows
  A redback (Vaults:4)
  2 vampires
  Sigmund (D:6)
  A wyvern (D:10)
  Eustachio (D:5)
  3 basilisks
  4 fire elementals
  2 wraiths (D:11)
  13 spriggans
  A human (D:14)
  20 yaks
  A steam dragon (Lair:1)
  25 vampire mosquitoes
  Menkaure (D:4)
  42 nagas
  A spriggan simulacrum (Swamp:1)
  13 swamp worms
  2 death drake simulacra (Swamp:1)
  4 wargs
  3 hell hounds
  2 ice beasts
  35 orc warriors
  5 water moccasins
  14 swamp drakes
  5 ogres
  6 wolves
  4 centaurs
  3 lemures (D:4)
  Blork the orc (D:5)
  2 kobold brigands
  7 bullfrogs
  2 gnoll sergeants
  A human zombie (Vaults:4)
  4 earth elementals
  4 scorpions
  A wyvern skeleton (D:6)
  A troll zombie (D:12)
  7 wights (D:8)
  9 howler monkeys
  4 centaur zombies
  3 electric eels
  4 crimson imps (D:7)
  2 hounds
  10 orc priests
  A centaur skeleton (D:5)
  5 bullfrog skeletons
  3 iguanas
  7 orc wizards
  7 ogre zombies (D:12)
  A hound skeleton (D:4)
  9 adders
  31 gnolls
  2 white imps
  An ufetubus (D:7)
  A worm (D:2)
  A dart slug (D:2)
  66 orcs
  2 ball pythons
  3 bats
  6 endoplasms
  4 giant cockroaches
  22 goblins
  23 hobgoblins
  7 jackals
  4 quokkas
  7 frilled lizards
  3 goblin zombies (D:12)
  2 hobgoblin skeletons (D:12)
  4 hobgoblin zombies (D:12)
  25 kobolds
  4 orc skeletons (D:12)
  7 orc zombies (D:12)
  11 rats
1484 creatures vanquished.

Vanquished Creatures (collateral kills)
  Sojobo (Vaults:4)
  Bai Suzhen (Vaults:4)
  Jory (Vaults:3)
  A deep elf master archer (Elf:3)
  2 titans (Vaults:5)
  2 shadow dragons (Vaults:5)
  A storm dragon (Vaults:5)
  A fire giant (Vaults:5)
  A frost giant (Vaults:5)
  An ironbound preserver (Vaults:4)
  5 very ugly things
  An ironbound thunderhulk (Vaults:4)
  A hell knight (WizLab)
  5 deep trolls (Vaults:4)
  2 ironbound convokers (Vaults:4)
  3 ugly things (Vaults:3)
  A vault sentinel (Vaults:4)
  2 slime creatures (Vaults:4)
32 creatures vanquished.

Vanquished Creatures (others)
  A deep elf high priest (Vaults:5)
  2 bloated husks
  2 hornets (Swamp:3)
  A gnoll shaman (Orc:1)
  A kobold (D:10)
  A hobgoblin skeleton (D:12)
  An orc skeleton (D:12)
  3 orc zombies (D:12)
  4 briar patches (Swamp:2)
  3 demonic plants (Gauntlet)
  17 foxfires
  26 fungi
  36 plants
98 creatures vanquished.

Grand Total: 1614 creatures vanquished

Notes
Turn   | Place    | Note
-------+----------+-------------------------------------------
     0 | D:1      | Htamos the Troll Monk began the quest for the Orb.
     0 | D:1      | Reached XP level 1. HP: 22/22 MP: 0/0
   168 | D:1      | Reached XP level 2. HP: 29/29 MP: 1/1
   479 | D:1      | Reached XP level 3. HP: 37/37 MP: 2/2
  1193 | D:2      | Reached skill level 4 in Unarmed Combat
  1193 | D:2      | Reached XP level 4. HP: 34/45 MP: 0/3
  1621 | D:3      | Found a faded altar of an unknown god.
  1993 | D:4      | Found Zeby's Magic Scroll Emporium.
  2001 | D:4      | Bought a scroll of identify for 24 gold pieces
  2001 | D:4      | Bought a scroll of enchant armour for 90 gold pieces
  2001 | D:4      | Bought a scroll of identify for 24 gold pieces
  2006 | D:4      | Noticed an ogre
  2016 | D:4      | Killed an ogre
  2017 | D:4      | Reached XP level 5. HP: 54/54 MP: 4/4
  2050 | D:4      | Noticed a lemure
  2057 | D:4      | Reached skill level 5 in Unarmed Combat
  2061 | D:4      | Killed a lemure
  2067 | D:4      | Noticed a lemure
  2071 | D:4      | Noticed Pikel
  2075 | D:4      | Noticed a lemure
  2076 | D:4      | Killed a lemure
  2077 | D:4      | Killed a lemure
  2114 | D:4      | Noticed a lemure
  2118 | D:4      | Killed Pikel
  2119 | D:4      | Reached skill level 5 in Fighting
  2119 | D:4      | Reached skill level 6 in Unarmed Combat
  2119 | D:4      | Reached XP level 6. HP: 47/66 MP: 2/5
  2119 | D:4      | Reached XP level 7. HP: 52/72 MP: 2/6
  2643 | D:4      | Noticed Menkaure
  2658 | D:4      | Killed Menkaure
  2659 | D:4      | Reached skill level 7 in Unarmed Combat
  2743 | D:5      | Entered Level 5 of the Dungeon
  2754 | D:5      | Reached XP level 8. HP: 83/83 MP: 7/7
  2768 | D:5      | Found a staircase to the Ecumenical Temple.
  2791 | Temple   | Entered the Ecumenical Temple
  2884 | Temple   | Became a worshipper of the Shining One
  2884 | Temple   | Reached * piety under the Shining One
  2884 | Temple   | Reached ** piety under the Shining One
  2938 | D:5      | Noticed Eustachio
  2954 | D:5      | Killed Eustachio
  3235 | D:5      | Noticed Grinder
  3243 | D:5      | Killed Grinder
  3244 | D:5      | Reached skill level 8 in Unarmed Combat
  3392 | D:5      | Noticed Blork the orc
  3396 | D:5      | Killed Blork the orc
  3491 | D:6      | Reached XP level 9. HP: 51/93 MP: 4/8
  3885 | D:6      | Noticed Sigmund
  3892 | D:6      | Killed Sigmund
  3893 | D:6      | Reached skill level 5 in Dodging
  3949 | D:6      | Reached skill level 9 in Unarmed Combat
  4428 | D:7      | Reached *** piety under the Shining One
  4684 | D:7      | Found a shimmering altar of Xom.
  4923 | D:8      | Identified the +8 spear "Gopaf" {flame, rC+ Str+3 Dex+2}
  5072 | D:8      | Noticed a two-headed ogre
  5082 | D:8      | Killed a two-headed ogre
  5083 | D:8      | Reached XP level 10. HP: 66/104 MP: 5/9
  5289 | D:8      | Noticed a two-headed ogre
  5294 | D:8      | Reached **** piety under the Shining One
  5299 | D:8      | Killed a two-headed ogre
  5300 | D:8      | Reached skill level 10 in Unarmed Combat
  5580 | D:9      | Noticed Gastronok
  5617 | D:9      | Killed Gastronok
  5671 | D:9      | Found a staircase to the Lair.
  6024 | D:9      | Noticed a two-headed ogre
  6031 | D:9      | Killed a two-headed ogre
  6210 | D:9      | Reached skill level 11 in Unarmed Combat
  6250 | D:10     | Entered Level 10 of the Dungeon
  6265 | D:10     | Reached XP level 11. HP: 103/115 MP: 10/10
  6539 | D:10     | Noticed Snorg
  6552 | D:10     | Killed Snorg
  6876 | D:10     | Noticed a deep troll
  6899 | D:10     | Killed a deep troll
  6903 | D:10     | Reached skill level 10 in Fighting
  7381 | D:11     | Noticed a boulder beetle
  7389 | D:11     | Killed a boulder beetle
  7390 | D:11     | Reached skill level 12 in Unarmed Combat
  7410 | D:11     | Found Qaytasel's Antique Weapon Emporium.
  7446 | D:11     | Found a flagged portal.
  7456 | Bailey   | Entered a bailey
  7636 | Bailey   | Noticed an orc knight
  7636 | Bailey   | Reached ***** piety under the Shining One
  7639 | Bailey   | Noticed an orc knight
  7650 | Bailey   | Noticed an orc warlord
  7650 | Bailey   | Noticed an orc knight
  7715 | Bailey   | Killed an orc knight
  7731 | Bailey   | Killed an orc knight
  7732 | Bailey   | Reached skill level 1 in Armour
  7732 | Bailey   | Reached skill level 1 in Evocations
  7791 | Bailey   | Killed an orc warlord
  7792 | Bailey   | Reached skill level 1 in Invocations
  7792 | Bailey   | Reached XP level 12. HP: 71/127 MP: 5/11
  7953 | D:11     | Identified the +6 hand axe of Responsibility {pain, Dex+7}
  8597 | D:12     | Noticed an eight-headed hydra
  8717 | D:12     | Found a staircase to the Orcish Mines.
  8785 | D:12     | Reached ****** piety under the Shining One
  8848 | D:12     | Killed a one-headed hydra
  9023 | D:12     | Found Zirghoyrgh's Book Shoppe.
  9520 | D:13     | Noticed a tengu warrior
  9544 | D:13     | Killed a tengu warrior
  9545 | D:13     | Reached skill level 1 in Axes
  9547 | D:13     | Noticed an ogre mage
  9548 | D:13     | Noticed a two-headed ogre
  9549 | D:13     | Noticed a two-headed ogre
  9551 | D:13     | Noticed a two-headed ogre
  9551 | D:13     | Noticed a two-headed ogre
  9552 | D:13     | Noticed a two-headed ogre
  9553 | D:13     | Noticed a two-headed ogre
  9575 | D:12     | Killed a two-headed ogre
  9576 | D:12     | Reached skill level 13 in Unarmed Combat
  9664 | D:12     | Killed a two-headed ogre
  9696 | D:12     | Killed a two-headed ogre
  9722 | D:12     | Killed a two-headed ogre
  9727 | D:12     | Killed an ogre mage
  9728 | D:12     | Reached XP level 13. HP: 99/137 MP: 9/15
  9862 | D:13     | Found a broken altar of Ashenzari.
 10287 | D:13     | Noticed Frances
 10541 | D:13     | Killed Frances
 10556 | D:13     | You fall into a shaft and drop 1 floor!
 11287 | Lair:1   | Entered Level 1 of the Lair of Beasts
 11408 | Lair:1   | Reached skill level 5 in Invocations
 11937 | Lair:2   | Found a staircase to the Snake Pit.
 11967 | Lair:2   | Reached skill level 10 in Dodging
 11978 | Lair:2   | Found a gate leading to a gauntlet.
 11987 | Gauntlet | Entered a Gauntlet
 11987 | Gauntlet | Found a transporter.
 11987 | Gauntlet | Found a transporter.
 11987 | Gauntlet | Found a runed translucent gate.
 11987 | Gauntlet | Found a runed translucent gate.
 11987 | Gauntlet | Found a runed translucent gate.
 11989 | Gauntlet | Found a transporter.
 12005 | Gauntlet | Found a transporter.
 12009 | Gauntlet | Found a transporter.
 12021 | Gauntlet | Found a transporter.
 12025 | Gauntlet | Found a transporter.
 12038 | Gauntlet | Found a transporter.
 12046 | Gauntlet | Found a runed translucent door.
 12050 | Gauntlet | Found a transporter.
 12050 | Gauntlet | Noticed a reaper
 12063 | Gauntlet | Found a transporter.
 12067 | Gauntlet | Found a transporter.
 12075 | Gauntlet | Found a transporter.
 12196 | Gauntlet | Identified the ring "Yconeota" {rPois Int+6}
 12198 | Gauntlet | Identified the +3 dagger of Kusera Jusuk {vorpal, Dex+4
                  | Stlth+}
 12210 | Gauntlet | Noticed a minotaur
 12219 | Gauntlet | Killed a minotaur
 12220 | Gauntlet | Reached skill level 5 in Armour
 12264 | Gauntlet | Identified the +5 dagger of the Unseen Realm {spect, Str+7}
 12264 | Gauntlet | Identified the +1 plate armour of Bitterness {Int+6}
 12265 | Gauntlet | Got the Handbook of Curses and Ignition
 12395 | Lair:2   | Acquired the amulet "Qaar" {Faith Fly Str+7}
 12408 | Lair:2   | Acquired a +1 hat of willpower
 12417 | Lair:2   | Acquired the +5 kite shield of Doituk {Rampage rF+ rC+
                  | Dex+7}
 12428 | Lair:2   | Acquired 1355 gold pieces
 12431 | Lair:2   | Acquired the +6 tower shield "Udy Runn" {rElec Regen+ Dex+4
                  | Slay+2}
 12765 | Lair:2   | You are sucked into a shaft and drop 2 floors!
 12793 | Lair:4   | Reached skill level 1 in Shields
 13634 | Lair:3   | You are sucked into a shaft and drop 1 floor!
 13675 | Lair:3   | Reached XP level 14. HP: 114/146 MP: 17/17
 14152 | Lair:3   | Found a staircase to the Swamp.
 14623 | Lair:2   | Noticed Maggie
 14630 | Lair:2   | Killed Maggie
 14922 | Snake:1  | Entered Level 1 of the Snake Pit
 15036 | Snake:1  | Reached skill level 14 in Unarmed Combat
 15136 | Snake:1  | Found a white marble altar of Elyvilon.
 15247 | Snake:1  | Identified the +6 flail of Jybb {chaos, rC+ Will- rCorr
                  | Int+4}
 16399 | Snake:1  | Reached XP level 15. HP: 139/157 MP: 19/19
 16821 | Snake:2  | Noticed a nagaraja
 16840 | Snake:2  | Killed a nagaraja
 17063 | Snake:2  | Found Bempe's Jewellery Shoppe.
 17098 | Snake:2  | Bought a ring of see invisible for 240 gold pieces
 17098 | Snake:2  | Bought an amulet of regeneration for 480 gold pieces
 17098 | Snake:2  | Bought the necklace of Bloodlust {*Rage Will++ Int-3
                  | Slay+6} for 635 gold pieces
 17098 | Snake:2  | Bought the ring "Erousch" {rPois rF- rN+ Will+ Str+2} for
                  | 544 gold pieces
 17098 | Snake:2  | Found the necklace of Bloodlust {*Rage Will++ Int-3 Slay+6}
 17111 | Snake:2  | Bought a ring of fire for 400 gold pieces
 17127 | Snake:2  | Found Kukhlytru's Distillery.
 17127 | Snake:2  | Found Ziexe's Armour Boutique.
 17145 | Snake:2  | Gained mutation: You are weak. (Str -2) [potion of
                  | mutation]
 17146 | Snake:2  | Lost mutation: You are weak. (Str -2) [potion of mutation]
 17146 | Snake:2  | Gained mutation: You heal very quickly. [potion of
                  | mutation]
 17146 | Snake:2  | Gained mutation: Your flesh is cold resistant. (rC+)
                  | [potion of mutation]
 17147 | Snake:2  | Bought a potion of mutation for 168 gold pieces
 17147 | Snake:2  | Bought a potion of mutation for 168 gold pieces
 17147 | Snake:2  | Bought a potion of mutation for 168 gold pieces
 17149 | Snake:2  | Lost mutation: Your flesh is cold resistant. (rC+) [potion
                  | of mutation]
 17149 | Snake:2  | Gained mutation: You regenerate. [potion of mutation]
 17168 | Snake:2  | Noticed Vashnia
 17218 | Snake:1  | Reached skill level 5 in Shields
 17257 | Snake:2  | Killed Vashnia
 17298 | Snake:2  | Found a large runed translucent door.
 17298 | Snake:2  | Found a large runed translucent door.
 17301 | Snake:2  | Noticed drclinical's ghost (adept HOBe)
 17617 | Snake:2  | Killed drclinical's ghost
 17618 | Snake:2  | Reached skill level 15 in Unarmed Combat
 17622 | Snake:2  | Identified the ring "Unirabb" {Contam Dex+6 SInv}
 18039 | Snake:3  | Identified the +0 pair of gloves of Darkness {Rampage rF-
                  | Will+ Dex+5}
 18177 | Snake:3  | Reached XP level 16. HP: 169/169 MP: 21/21
 18378 | Snake:3  | Found Plog's Magic Scroll Boutique.
 18378 | Snake:3  | Found Soash's Magic Scroll Shop.
 18386 | Snake:3  | Bought a scroll of enchant armour for 105 gold pieces
 18403 | Snake:3  | Bought a scroll of enchant armour for 105 gold pieces
 18532 | Snake:3  | Identified the ring of the Sky {Wiz rElec rCorr Dex+2}
 19107 | Snake:4  | Entered Level 4 of the Snake Pit
 19358 | Snake:4  | Found Nup Ufo's Weapon Emporium.
 19968 | Snake:4  | Reached skill level 16 in Unarmed Combat
 20044 | Snake:4  | Got a serpentine rune of Zot
 20295 | Swamp:1  | Entered Level 1 of the Swamp
 20568 | Swamp:1  | Found a runed translucent gate.
 20569 | Swamp:1  | Found a runed translucent gate.
 20570 | Swamp:1  | Found a runed translucent gate.
 20577 | Swamp:1  | Noticed flestrin's ghost (journeyman TeAE)
 20782 | Swamp:1  | Killed flestrin's ghost
 20846 | Swamp:1  | Identified the ring "Vyssu" {rElec rF- rN+ Dex+2 SInv}
 21144 | Swamp:2  | Noticed a thorn hunter
 21158 | Swamp:2  | Killed a thorn hunter
 21194 | Swamp:2  | Noticed a thorn hunter
 21208 | Swamp:2  | Killed a thorn hunter
 21209 | Swamp:2  | Reached XP level 17. HP: 179/179 MP: 21/23
 21311 | Swamp:2  | Noticed a tentacled monstrosity
 21319 | Swamp:2  | Killed a tentacled monstrosity
 21344 | Swamp:2  | Noticed Louise
 21354 | Swamp:2  | Killed Louise
 21369 | Swamp:2  | Paralysed by a hornet for 2 turns
 21444 | Swamp:2  | Identified the amulet of Mutagej {RegenMP Contam +Inv MP+9
                  | Str+3}
 21753 | Swamp:2  | Found a shimmering blue altar of Sif Muna.
 21905 | Swamp:3  | Identified Roxanne's Handbook of Transmutation
 21905 | Swamp:3  | Noticed Roxanne
 22308 | Swamp:3  | Identified the +4 leather armour "Kiod" {rPois Will+ Regen+
                  | Stlth+}
 22400 | Swamp:3  | Identified the +1 leather armour of Bihif {Will+}
 22499 | Swamp:4  | Entered Level 4 of the Swamp
 22592 | Swamp:4  | Reached skill level 17 in Unarmed Combat
 23064 | Swamp:4  | Reached skill level 10 in Invocations
 23347 | Swamp:4  | Got a decaying rune of Zot
 23595 | Orc:1    | Entered Level 1 of the Orcish Mines
 23712 | Orc:2    | Entered Level 2 of the Orcish Mines
 24136 | Orc:2    | Noticed Azrael
 24220 | Orc:1    | Killed Azrael
 24257 | Orc:1    | Reached XP level 18. HP: 191/191 MP: 24/24
 24565 | Orc:2    | Found Qifoojap's General Store.
 24626 | Orc:2    | Found Extur's Jewellery Boutique.
 24728 | Orc:2    | Found Jonem's Antique Weapon Emporium.
 24775 | Orc:2    | Found a staircase to the Elven Halls.
 24783 | Orc:2    | Found Recvuloch's Antique Armour Shop.
 24792 | Orc:2    | Bought a slimy robe for 188 gold pieces
 24792 | Orc:2    | Identified the +1 robe of the Soldier {-Tele Fly rN++
                  | Regen+} (You bought it in a shop on level 2 of the Orcish
                  | Mines)
 24792 | Orc:2    | Bought an embroidered scarf for 264 gold pieces
 24837 | Elf:1    | Entered Level 1 of the Elven Halls
 24916 | Elf:1    | Found Suracs's Distillery.
 24946 | Elf:1    | Bought a potion of berserk rage for 65 gold pieces
 25006 | Elf:1    | Got the Tome of Translocation
 25033 | Elf:1    | Reached skill level 15 in Fighting
 25053 | Elf:1    | Got the Reference Book on Conjuration
 25473 | Elf:2    | Found Empi Niogor's Book Emporium.
 25726 | Elf:2    | Found a runed translucent gate.
 25726 | Elf:2    | Found a runed translucent gate.
 25726 | Elf:2    | Found a runed translucent gate.
 25758 | Elf:3    | Entered Level 3 of the Elven Halls
 25950 | Elf:3    | Reached skill level 18 in Unarmed Combat
 26004 | Elf:3    | Found Lyomiuz's Weapon Emporium.
 26138 | Elf:3    | Noticed a Tzitzimitl
 26425 | Elf:2    | Reached skill level 10 in Armour
 26815 | Elf:3    | Gained mutation: You are dopey. (Int -2) [a neqoxec]
 26823 | Elf:3    | Noticed a Brimstone Fiend
 27047 | Elf:3    | Reached XP level 19. HP: 196/202 MP: 26/26
 27184 | Elf:3    | Identified the +9 long sword of the Two Names {spect,
                  | +Blink Stlth+}
 27272 | Elf:3    | Got the Compendium of the Volcanoes and the Rocks
 27276 | Elf:3    | Identified the +8 falchion of Disintegration {vorpal, rPois
                  | Str+3}
 27285 | Elf:3    | Identified the +6 flail of Dismemberment {vorpal, Str+4}
 27298 | Elf:3    | Identified the +1 ring mail of Viylies {Stlth+}
 27304 | Elf:3    | Identified the +8 hunting sling of the Queen {flame, +Blink
                  | rElec Int+4}
 27308 | Elf:3    | Identified the ring "Keap" {rF+ rN+}
 27380 | Elf:3    | Acquired a manual of Armour
 27725 | D:14     | Noticed Jorgrun
 27734 | D:14     | Killed Jorgrun
 27774 | D:14     | Found a gate to the Vaults.
 28169 | Vaults:1 | Entered Level 1 of the Vaults
 28200 | Vaults:1 | Found Ten Fuf's Armour Emporium.
 28204 | Vaults:1 | Bought the +0 mask of the Dragon {Will+ Slay+3 SInv} for
                  | 634 gold pieces
 28204 | Vaults:1 | Found the +0 mask of the Dragon {Will+ Slay+3 SInv}
 28498 | Vaults:1 | Reached skill level 19 in Unarmed Combat
 29167 | Vaults:2 | Found Pamuehal's Antique Armour Emporium.
 29182 | Vaults:2 | Bought a masterwork cloak for 380 gold pieces
 29182 | Vaults:2 | Identified the +2 cloak "Ujarr" {Int+2} (You bought it in a
                  | shop on level 2 of the Vaults)
 29255 | Vaults:1 | Reached skill level 1 in Slings
 29278 | Vaults:1 | Reached XP level 20. HP: 199/215 MP: 27/27
 29634 | Vaults:2 | Acquired 1220 gold pieces
 29846 | Vaults:2 | Found a staircase to the Crypt.
 30231 | Vaults:3 | Found a magical portal.
 30236 | WizLab   | Entered Yara's Duelist Academy
 30540 | WizLab   | Noticed Duseum
 30552 | WizLab   | Killed Duseum the Head Instructor
 31152 | Vaults:3 | Noticed Xtahua
 31171 | Vaults:3 | Killed Xtahua
 31182 | Vaults:3 | Noticed Jory
 31199 | Vaults:3 | Killed Jory
 31202 | Vaults:3 | Found Keqaq's Jewellery Shop.
 31598 | Vaults:3 | Found Yhunied's Magic Scroll Shoppe.
 31603 | Vaults:3 | Bought a scroll of fear for 35 gold pieces
 31603 | Vaults:3 | Bought a scroll of magic mapping for 35 gold pieces
 31603 | Vaults:3 | Bought a scroll of enchant armour for 75 gold pieces
 31603 | Vaults:3 | Bought a scroll of holy word for 75 gold pieces
 31603 | Vaults:3 | Bought a scroll of enchant weapon for 75 gold pieces
 31754 | Vaults:4 | Found a transporter.
 31756 | Vaults:4 | Noticed Dwachs's ghost (veteran GrEE)
 31768 | Vaults:4 | Found a transporter.
 31782 | Vaults:4 | Noticed Bai Suzhen
 31799 | Vaults:4 | Reached skill level 20 in Unarmed Combat
 31824 | Vaults:4 | Killed Bai Suzhen
 31852 | Vaults:4 | Reached XP level 21. HP: 114/226 MP: 26/29
 31852 | Vaults:4 | Found Tihu's Assorted Antiques.
 31856 | Vaults:4 | Bought a potion of might for 124 gold pieces
 31879 | Vaults:4 | Noticed Sojobo
 31908 | Vaults:4 | Paralysed by an air elemental for 1 turns
 31944 | Vaults:4 | Identified the +8 tower shield of Moral Flaws {Dex+5}
 31948 | Vaults:4 | Paralysed by an air elemental for 1 turns
 31951 | Vaults:4 | Killed Sojobo
 31952 | Vaults:4 | Reached skill level 10 in Shields
 32255 | Vaults:4 | Noticed Aizul
 32267 | Vaults:4 | Killed Aizul
 33107 | Vaults:5 | Entered Level 5 of the Vaults
 33260 | Vaults:5 | HP: 11/228 [storm dragon (3)]
 33271 | Vaults:5 | HP: 1/228 [titan (39)]
 33272 | Vaults:5 | The Shining One protects you from harm!
 33687 | Vaults:5 | Reached XP level 22. HP: 237/237 MP: 30/30
 33698 | Vaults:5 | Reached skill level 21 in Unarmed Combat
 33700 | Vaults:5 | Identified the +11 scimitar of Silly Optimality {vorpal,
                  | Fly Int+2}
 33743 | Vaults:5 | Identified the +1 falchion of Foolhardiness {vorpal, MP-9
                  | Int+8 Dex-5 SInv}
 33882 | Vaults:5 | Identified the +0 pair of boots of the Ditch-Digger {rElec
                  | rPois rF+}
 34049 | Vaults:5 | Identified the +7 war axe "Unanah" {antimagic, Fragile Fly
                  | rElec rF++}
 34059 | Vaults:5 | Killed from afar by a frost giant

Illustrated notes

Levels and vault maps discovered:
D:1:      dpeg_arrival_rooms_with_view, layout_rooms
D:2:      layout_loops_ring, minmay_tetromino_s4
D:3:      layout_basic, shapermc_ecumenical_altar_petra, roderic_lattice_a,
          minmay_misc_feat_encased
D:4:      layout_loops_ring, serial_shops, shop_scrolls, uniq_pikel,
          uniq_menkaure
D:5:      layout_basic, minmay_temple_entry_statues_pillars,
          serial_corexii_hall, corexii_hall_statues_t, corexii_hall_statues_i,
          hangedman_decor_push, kennysheep_generic_room_8, uniq_blork_the_orc,
          uniq_eustachio, uniq_grinder
D:6:      layout_rooms, uniq_sigmund
D:7:      layout_gridville, led_xom_imps, serial_bayou_crossing
D:8:      layout_gridville
D:9:      layout_roguey [special_room_orc], dpeg_oklobed_lair, uniq_gastronok
D:10:     lemuel_troll_bridge, layout_loops_ring, uniq_snorg
D:11:     layout_basic, enter_bailey_6, serial_shops, nicolae_shop_statue_plus,
          minivault_1
D:12:     layout_rooms, zombieorc2_lemuel, serial_shops,
          nicolae_inconvenience_store
D:13:     layout_stronghold, ashenzari_conservatory_becter, uniq_frances
D:14:     layout_cave_pools, grunt_vaults_entry_fortified, minivault_25,
          nzn_life_drinkers, uniq_jorgrun
Temple:   regret_index_temple_sigil_plot
Lair:1:   layout_misc_corridors
Lair:2:   layout_cave_pods, guppyfry_snake_entry_garden, gauntlet_entry_generic,
          small_statue_intersection, serial_bayou_lagoon_b, uniq_maggie
Lair:3:   layout_regular_city, minmay_swamp_entry_swarm
Lair:4:   layout_hall_layers, lemuel_fruit_tree
Swamp:1:  layout_basic_swamp, gammafunk_ghost_necromancy,
          evilmike_swamp_ruin_rubble_1
Swamp:2:  nicolae_swamp_phyte_club, layout_basic_swamp, nicolae_swamp_godswood,
          swamp_pool5, uniq_louise
Swamp:3:  layout_falls_marsh, evilmike_swamp_ruin_house_2, uniq_roxanne
Swamp:4:  swamp, layout_basic_swamp
Snake:1:  kennysheep_snake, layout_chambers, basic_altar, serial_bayou_shore_a,
          grunt_megastairs_5
Snake:2:  layout_concentric_octagons, ebering_ghost_disaster_area,
          nicolae_snake_serpentine_bazaar, uniq_vashnia
Snake:3:  dpeg_oklob_gauntlet, layout_layer_cave, grunt_ministairs_3,
          minmay_shoptagon
Snake:4:  grunt_snake_rune_pools, layout_basic, serial_shops,
          nicolae_shop_waterfront
Orc:1:    layout_caves
Orc:2:    grunt_orc_gardens, layout_caves, grunt_orc_garden, grunt_orc_garden,
          grunt_orc_garden, grunt_orc_garden, uniq_azrael
Elf:1:    eino_elf_arrival_sip, layout_loops_cross, serial_shops,
          nicolae_diamond_shop, minmay_elf_annihilation
Elf:2:    nicolae_elf_blades_crystal_corner, layout_gridlike, serial_shops, shop
Elf:3:    minmay_elf_hall_hex, layout_geoelf_grid, serial_shops, shop
Vaults:1: vaults_room_corners, v_rooms_6, nicolae_vaults_angled_halls,
          st_squares, nicolae_vaults_network_barrier, ontoclasm_vaults_tryst,
          vaults_room_pool, nicolae_vaults_theta, layout_vaults_omnicross,
          serial_shops, nicolae_shop_trees
Vaults:2: hangedman_vaults_river_flow, minmay_crypt_entry_simple_box,
          nicolae_vaults_asterisk, ontoclasm_vaults_gateway, vaults_dpeg_hooks,
          nicolae_vaults_yaktaur_gun_rack, vaults_room_pool, vaults_room_pools,
          layout_vaults_big_room, serial_shops, nicolae_shop_statue_plus
Vaults:3: infiniplex_enter_wizlab_spiral, v_misc_3, ontoclasm_vaults_shuriken,
          vaults_room_hallway, ontoclasm_vaults_ligature, v_misc_8,
          v_alt_pattern_3, nicolae_vaults_asterisk,
          nicolae_vaults_circle_grid_b, vaults_standard_mumra_enter_the_diamond,
          nicolae_vaults_network_star, hangedman_vaults_capsules,
          ontoclasm_vaults_idyll, grunt_vaults_diagonal,
          nicolae_vaults_display_case, serial_ice_h, grunt_vaults_funnel,
          layout_vaults_maze_snakey, serial_shops, shop, shop, uniq_xtahua,
          uniq_jory
Vaults:4: gammafunk_ghost_arena, hangedman_vaults_hat,
          nicolae_vaults_quartermaster, grunt_vaults_swirl,
          grunt_vaults_trifunnel, v_rooms_2, nicolae_vaults_little_squares_2,
          vaults_room_grunt_arrival_ludios, layout_vaults_omnibox, serial_shops,
          shop, uniq_bai_suzhen, uniq_aizul, uniq_sojobo
Vaults:5

Skill      XL: |  1  2  3  4  5  6  7  8  9 10 11 12 13 14 15 16 17 18 19 20 21 22 |
---------------+-------------------------------------------------------------------+-----
Fighting       | 3 4 5 6 7 8 9 10 11 12 13 14 15 16 17 18 | 18.1
Unarmed Combat | 4 6 7 8 9 11 12 13 14 15 16 17 18 19 20 21 | 21.2
Dodging        | 4 5 7 8 9 10 11 12 13 14 | 14.6
Armour         | 1 4 5 6 7 8 9 10 11 12 13 | 13.8
Evocations     | 1 |  1.0
Invocations    | 1 4 5 7 8 9 10 11 12 | 12.4
Axes           | 1 4 |  4.0
Shields        | 1 4 5 6 7 8 9 10 | 10.9
Slings         | 1 3 |  3.4
Stealth        | |  1.0

Action                   |  1- 3 |  4- 6 |  7- 9 | 10-12 | 13-15 | 16-18 | 19-21 | 22-24 || total
-------------------------+-------+-------+-------+-------+-------+-------+-------+-------++-------
Melee: Unarmed           |   109 |    68 |   235 |   565 |   899 |  1519 |  1708 |   103 ||  5206
       Punch             |     3 |     1 |     9 |    50 |    17 |       |       |       ||    80
       Hand axe          |       |       |       |    16 |    16 |    81 |       |       ||   113
Invok: Summon Divine War |       |       |       |       |       |       |    12 |     4 ||    16
       Divine Shield     |       |       |       |       |       |       |     3 |       ||     3
Evoke: Wand              |       |       |     1 |    11 |     4 |    34 |     2 |       ||    52
       Phial of floods   |       |       |       |       |       |       |     1 |       ||     1
  Use: Scroll            |     2 |       |       |     8 |    29 |    11 |     8 |     2 ||    60
       Potion            |     1 |     1 |     2 |     4 |    14 |     2 |    13 |     2 ||    39
 Stab: Sleeping          |     3 |     2 |       |       |       |       |       |       ||     5
       Distracted        |     1 |       |       |       |       |       |       |       ||     1
Armor: Robe              |    24 |    10 |    44 |    41 |       |       |       |       ||   119
       Troll leather arm |       |       |       |   102 |   218 |   417 |   218 |    12 ||   967
       Skin              |       |       |       |       |     3 |       |       |       ||     3
Dodge: Dodged            |    46 |    27 |   105 |   417 |   364 |   717 |   541 |    26 ||  2243
Block: Tower shield      |       |       |       |       |   935 |  1672 |  1478 |   101 ||  4186
       Kite shield       |       |       |       |       |       |   234 |    57 |       ||   291

Table legend: (Time is in decaauts)
 A = Elapsed time spent in this place.
 B = Non-inter-level travel time spent in this place.
 C = Inter-level travel time spent in this place.
 D = Time resting spent in this place.
 E = Time spent auto-exploring this place.
 F = Levels seen in this place.
 G = Mean time per level.
                   A        B        C        D        E       F      G
               +--------+--------+--------+--------+--------+-----+--------+
         Total |  33828 |  32172 |   1656 |    172 |  15374 |  40 |  845.7 |
       Dungeon |  11308 |  10754 |    554 |     61 |   7482 |  14 |  807.7 |
        Temple |    111 |     66 |     45 |      0 |      0 |   1 |  111.0 |
          Lair |   3651 |   3392 |    259 |      0 |   2618 |   4 |  912.8 |
         Swamp |   3210 |   3109 |    101 |      0 |   1147 |   4 |  802.5 |
     Snake Pit |   5407 |   5074 |    333 |      0 |   3019 |   4 | 1351.8 |
  Orcish Mines |   1266 |   1244 |     22 |     11 |      8 |   2 |  633.0 |
   Elven Halls |   2623 |   2443 |    180 |    100 |      0 |   3 |  874.3 |
        Vaults |   5116 |   4958 |    158 |      0 |   1034 |   5 | 1023.2 |
        Bailey |    411 |    411 |      0 |      0 |     26 |   1 |  411.0 |
        Wizlab |    442 |    442 |      0 |      0 |      0 |   1 |  442.0 |
      Gauntlet |    278 |    278 |      0 |      0 |     39 |   1 |  278.0 |
               +--------+--------+--------+--------+--------+-----+--------+

Top non-repeatable levels by time:
 Snake:1: 1858 daAuts
    D:13: 1553 daAuts
   Elf:3: 1459 daAuts
Vaults:4: 1453 daAuts
 Snake:3: 1453 daAuts
  Lair:2: 1207 daAuts
    D:10: 1139 daAuts
 Snake:4: 1103 daAuts
    D:12: 1092 daAuts
 Swamp:2: 1064 daAuts
Vaults:1: 1049 daAuts
 Snake:2: 992 daAuts
Vaults:3: 975 daAuts
 Swamp:4: 961 daAuts
  Lair:3: 948 daAuts
